AoeStats
← 断天泪

Arena

507507477Analyzed
2v2 RM · 15d ago on Sep 18, 2026· 28m 36s· 4 players
Game mode
Random Map
Map size
Medium (4 player)
Population
200
Speed
Normal
Resources
Standard
Victory
Conquest
Starting age
Dark Age
Ending age
Imperial Age
RankedLock teamsTeams togetherTeam positionsShared explorationLock speedFull tech treeHidden civsTurbo modeCheats
Victory
Defeat
🇷🇺 Britons · Russia
933
+12
🇧🇷 Mongols · Brazil
891
+14
🇨🇳 Khmer · China
856
-13
🇨🇳 Huns · China
844
-13
Mclovin
1:11 Loom
13:28 Feudal Age
14:50 Double-Bit Axe
17:32 Castle Age
15:25 Horse Collar
16:30 Stone Mining
26:28 Wheelbarrow
47
8:31 Loom
12:22 Feudal Age
12:48 Double-Bit Axe
12:46 Horse Collar
13:09 Gold Mining
18:53 Castle Age
17:31 Fletching
17:54 Forging
17:50 Stone Mining
17:48 Man-at-Arms
22:53 Bodkin Arrow
22:59 Padded Archer Armor
24:53 Wheelbarrow
25:27 Town Watch
28:05 Scale Mail Armor
28:33 Long Swordsman
31545054
1:53 Loom
12:27 Feudal Age
23:20 Bloodlines
25:13 Castle Age
24:34 Forging
24:30 Scale Barding Armor
26:08 Husbandry
断天泪
10:14 Feudal Age
17:22 Castle Age
15:46 Double-Bit Axe
15:45 Horse Collar
16:10 Stone Mining
17:54 Loom
18:27 Bow Saw
27:59 Gold Mining
28:12 Heavy Plow
Connection lost

Rejoining the realm…

Still unreachable

The connection could not be restored.

Session expired

The server has moved on; the page needs a fresh start.